 Dungeon Crawl Stone Soup version 0.26-a0-638-gcca6ad1 (webtiles) character file.

Game seed: 7505376984917293836

126 royokou the Digger (level 5, -5/28 HPs)
             Began as a Gargoyle Earth Elementalist on Sept 15, 2020.
             Blown up by Ijyb (33 damage)
             ... with a disintegration bolt
             ... on level 3 of the Dungeon.
             The game lasted 00:11:48 (2542 turns).

royokou the Digger (Gargoyle Earth Elementalist)    Turns: 2542, Time: 00:11:48

Health: -5/28      AC:  8    Str: 12    XL:     5   Next: 10%
Magic:  9/9        EV: 12    Int: 16    God:
Gold:   111        SH:  0    Dex: 10    Spells: 8/9 levels left

rFire    . . .     SeeInvis .   g - +3 dagger
rCold    . . .     Faith    .   (no shield)
rNeg     + . .     Spirit   .   a - +0 leather armour
rPois    ∞         Reflect  .   k - +0 helmet
rElec    +         Harm     .   (no cloak)
rCorr    .         Rampage  .   (no gloves)
MR       .....                  (no boots)
Stlth    ++........             (no amulet)
HPRegen  0.09/turn              l - ring of ice
MPRegen  0.11/turn              u - ring of fire

@: no status effects
A: negative energy resistance 1, electricity resistance, unbreathing,
petrification resistance, rot immunity, AC +4
a: no special abilities


You were on level 3 of the Dungeon.
You visited 1 branch of the dungeon, and saw 3 of its levels.

You collected 111 gold pieces.

Inventory:

Hand Weapons
 f - a +0 short sword
 g - a +3 dagger (weapon)
 m - a +0 quarterstaff
 v - a +0 falchion of holy wrath
Missiles
 b - 121 stones (quivered)
Armour
 a - a +0 leather armour (worn)
 c - a +0 robe
 k - a +0 helmet (worn)
Jewellery
 l - a ring of ice (left hand)
 u - a ring of fire (right hand)
Scrolls
 d - a scroll of random uselessness {unknown}
 e - 4 scrolls of identify {unknown}
 i - 2 scrolls of remove curse {unknown}
 j - 2 scrolls of teleportation {unknown}
 r - a scroll of fog {unknown}
 s - 2 scrolls of fear {unknown}
 t - a scroll of immolation {unknown}
Potions
 h - 3 potions of haste {unknown}
 n - a potion of curing {unknown}
 o - a potion of ambrosia {unknown}
 p - 2 potions of cancellation {unknown}
 q - a potion of stabbing {unknown}


   Skills:
 + Level 2.4 Dodging
 + Level 3.5 Stealth
 + Level 2.9 Spellcasting
   Level 0.7 Transmutations
 + Level 4.6 Earth Magic


You had 8 spell levels left.
You knew the following spells:

 Your Spells              Type           Power        Failure   Level
a - Sandblast             Erth           ###...       3%          1

Your spell library contained the following spells:

 Spells                   Type           Power        Failure   Level
 Passwall                 Tmut/Erth      ##......     12%         2
 Stone Arrow              Conj/Erth      #.....       28%         3
 Petrify                  Tmut/Erth      ##......     63%         4
 Lee's Rapid Deconstruct  Erth           ###.......   69%         5


Dungeon Overview and Level Annotations

Branches:
Dungeon (3/15)

Altars:
Ashenzari

Annotations:
D:1 1 runed translucent door
D:3 Ijyb


Innate Abilities, Weirdness & Mutations

You are resistant to torment.
Your stone body is resilient. (AC +4)
You are immune to poison.
You resist negative energy. (rN+)
You are resistant to electric shocks. (rElec)
You can survive without breathing.
You are immune to petrification.
You are immune to rotting.


Message History

Ijyb is wielding a +0 club, wearing a +2 chain mail of fire resistance and carrying a wand of disintegration (9).
The goblin shouts!
The goblin barely misses you.
The goblin shouts!
Ijyb shouts!
The goblin closely misses you.
You hit the goblin.
You kill the goblin!
There are no items here.
You hit the goblin.
The goblin is heavily wounded.
The goblin closely misses you.
You closely miss the goblin.
The goblin is heavily wounded.
The goblin hits you but does no damage.
You hit the goblin.
You kill the goblin!
Ijyb zaps a wand.
You are blasted!
Ouch! That really hurt!
You die...

.##.##.....#.#.#.#. .
.##.##....#.#.#.#.# #. ##
.##.##.....#.#.#.#. #.###.
.##.##....#.#.#.#.#
#....<#.##.##.....#.#.#.#.
#.......##.##.....########
+.......##..#.....#
#......####.####'##
#......g†@.......#
######.####..###÷# #.#
##.# #.# #.# #.###)# #.#
#..##.# #.# ##.##.# #.#
#..#.# #.# ##.#.# #...#


You could see Ijyb.

Vanquished Creatures
  Robin (D:3)
  3 adders
  2 worms (D:2)
  2 dart slugs
  2 leopard geckos (D:1)
  6 orcs (D:3)
  3 giant cockroaches
  9 goblins
  8 hobgoblins
  2 jackals (D:2)
  4 kobolds
  2 quokkas
  3 ball pythons
  5 bats
  5 frilled lizards
  12 rats
69 creatures vanquished.

Notes
Turn   | Place    | Note
-------+----------+-------------------------------------------
     0 | D:1      | royokou the Gargoyle Earth Elementalist began the quest for
                  | the Orb.
     0 | D:1      | Reached XP level 1. HP: 10/10 MP: 3/3
     2 | D:1      | Found a runed translucent door.
   234 | D:1      | Reached XP level 2. HP: 15/15 MP: 3/5
   802 | D:2      | Reached skill level 4 in Earth Magic
   839 | D:2      | Reached XP level 3. HP: 17/19 MP: 1/6
  1401 | D:2      | Found a shattered altar of Ashenzari.
  1577 | D:2      | Reached XP level 4. HP: 12/24 MP: 5/7
  2248 | D:3      | Noticed Robin
  2262 | D:3      | Killed Robin
  2270 | D:3      | Reached XP level 5. HP: 15/28 MP: 7/9
  2531 | D:3      | Noticed Ijyb
  2542 | D:3      | Blown up by Ijyb

Illustrated notes

Levels and vault maps discovered:
D:1:      dpeg_arrival_caged_fury, layout_rooms, serial_forest,
          infiniplex_forest_lined_room_2, infiniplex_forest_clump_small,
          infiniplex_forest_clump_double, infiniplex_forest_straight_4,
          infiniplex_forest_end_3, infiniplex_forest_clump_long
D:2:      layout_loops_ring, ashenzari_altar_1, dk_vineyard_3
D:3:      layout_basic, minivault_23, uniq_ijyb, uniq_crazy_yiuf_cottage,
          uniq_robin

Skill      XL: |  1  2  3 |
---------------+----------+-----
Earth Magic    | 4 |  4.6
Dodging        | 2 |  2.4
Stealth        | 3 |  3.5
Spellcasting   | |  2.9
Transmutations | |  0.7

Action                   |  1- 3 |  4- 6 || total
-------------------------+-------+-------++-------
Melee: Short sword       |     4 |       ||     4
       Dagger            |    54 |   131 ||   185
 Cast: Sandblast         |    37 |     2 ||    39
 Stab: Sleeping          |     3 |     1 ||     4
Armor: Leather armour    |    20 |    54 ||    74
Dodge: Dodged            |    26 |   110 ||   136

Table legend: (Time is in decaauts)
 A = Elapsed time spent in this place.
 B = Non-inter-level travel time spent in this place.
 C = Inter-level travel time spent in this place.
 D = Time resting spent in this place.
 E = Time spent auto-exploring this place.
 F = Levels seen in this place.
 G = Mean time per level.
                   A        B        C        D        E       F      G
               +--------+--------+--------+--------+--------+-----+--------+
         Total |   2541 |   2500 |     41 |    463 |   1522 |   3 |  847.0 |
       Dungeon |   2541 |   2500 |     41 |    463 |   1522 |   3 |  847.0 |
               +--------+--------+--------+--------+--------+-----+--------+

Top non-repeatable levels by time:
     D:2: 1114 daAuts
     D:1: 800 daAuts
     D:3: 626 daAuts
